 Dungeon Crawl Stone Soup version 0.26-a0-663-g36e8fdb655 (webtiles) character file.

Game seed: 13449493388495856341

2 DogServant the Bolt Thrower (level 1, 5/12 HPs)
             Began as a Kobold Hunter on Oct 12, 2020.
             Quit the game on level 1 of the Dungeon.
             The game lasted 00:00:35 (548 turns).

DogServant the Bolt Thrower (Kobold Hunter)          Turns: 548, Time: 00:00:35

Health: 5/12       AC:  3    Str:  9    XL:     1   Next: 44%
Magic:  1/1        EV: 14    Int: 12    God:
Gold:   53         SH:  0    Dex: 15    Spells: 0/0 levels left

rFire    . . .     SeeInvis .   b - +0 short sword
rCold    . . .     Faith    .   (shield restricted)
rNeg     . . .     Spirit   .   c - +0 leather armour
rPois    .         Reflect  .   (no helmet)
rElec    .         Harm     .   (no cloak)
rCorr    .         Rampage  .   (no gloves)
MR       .....                  (no boots)
Stlth    +++.......             (no amulet)
HPRegen  0.04/turn              (no ring)
MPRegen  0.07/turn              (no ring)

@: lethally poisoned (5 -> 0)
A: small, nightstalker 3
a: no special abilities


You were on level 1 of the Dungeon.
You visited 1 branch of the dungeon, and saw 2 of its levels.

You collected 53 gold pieces.

Inventory:

Hand Weapons
 a - a +1 hand crossbow
 b - a +0 short sword (weapon)
Missiles
 d - 19 bolts
Armour
 c - a +0 leather armour (worn)
Jewellery
 k - a +4 ring of protection {unknown}
Scrolls
 e - a scroll of identify {unknown}
 f - a scroll of amnesia {unknown}
 g - a scroll of teleportation {unknown}
 h - 3 scrolls of enchant armour {unknown}
 j - a scroll of remove curse {unknown}
Potions
 i - a potion of might {unknown}
 l - a potion of invisibility {unknown}


   Skills:
 - Level 2.1 Fighting
 + Level 5.0 Crossbows
 - Level 2.4 Dodging
 - Level 1.3 Stealth


You couldn't memorise any spells.
You didn't know any spells.
Your spell library was empty.

Dungeon Overview and Level Annotations

Branches:
Dungeon (2/15)

Altars:


Innate Abilities, Weirdness & Mutations

You are small and have problems with some larger weapons.
You are completely attuned to the shadows.


Message History

Where to? (? - help)
There is a stone staircase leading down here.
You climb downwards.
An adder, a giant cockroach and a dart slug come into view.
Found 2 sedimented cyan potions.
There is a stone staircase leading up here.
The helpless giant cockroach fails to defend itself.
You hit the giant cockroach.
The giant cockroach is heavily wounded.
The adder bites you.
The giant cockroach bites you but does no damage.
The adder bites you.
You are poisoned.
The adder poisons you!
There is a stone staircase leading up here.
You feel sick. The giant cockroach bites you. The adder closely misses you.
The giant cockroach bites you but does no damage.
You climb upwards.
There is a stone staircase leading down here.
Are you sure you want to abandon this character and quit the game? (Confirm with "yes".)

#########........
##......##........
#.......'.........
#.......###.#####.
#.......# #.......
#.......# #####.#.
#.......#######...
#BS.....##....#...
#@.......#....#...
####.#.#.#.#######
#...#.#......##
###........#.#.
#....##.#.#.#.
###.......#.#.#.
#...........#.#.
####.##........#.##
#)...#...........##


You could see an adder and a giant cockroach.

Vanquished Creatures
  2 frilled lizards (D:1)
  2 rats (D:1)
4 creatures vanquished.

Notes
Turn   | Place    | Note
-------+----------+-------------------------------------------
     0 | D:1      | DogServant the Kobold Hunter began the quest for the Orb.
     0 | D:1      | Reached XP level 1. HP: 12/12 MP: 1/1
   231 | D:1      | Reached skill level 5 in Crossbows
   548 | D:1      | Quit the game

Illustrated notes

Levels and vault maps discovered:
D:1:      nagdon_arrival_zigzag_paths, layout_basic, minmay_unequal
D:2:      layout_rooms, uniq_natasha, uniq_crazy_yiuf_cottage, uniq_jessica

Skill      XL: |  1 |
---------------+----+-----
Crossbows      | 5 |  5.0
Fighting       | |  2.1
Dodging        | |  2.4
Stealth        | |  1.3

Action                   || total
-------------------------++-------
Melee: Short sword       ||     7
 Fire: Hand crossbow     ||     1
 Stab: Sleeping          ||     2
Armor: Leather armour    ||     3
Dodge: Dodged            ||     5

Table legend: (Time is in decaauts)
 A = Elapsed time spent in this place.
 B = Non-inter-level travel time spent in this place.
 C = Inter-level travel time spent in this place.
 D = Time resting spent in this place.
 E = Time spent auto-exploring this place.
 F = Levels seen in this place.
 G = Mean time per level.
                   A        B        C        D        E       F      G
               +--------+--------+--------+--------+--------+-----+--------+
         Total |    548 |    537 |     11 |      0 |    503 |   2 |  274.0 |
       Dungeon |    548 |    537 |     11 |      0 |    503 |   2 |  274.0 |
               +--------+--------+--------+--------+--------+-----+--------+

Top non-repeatable levels by time:
     D:1: 543 daAuts
     D:2: 4 daAuts
